 Dungeon Crawl Stone Soup version 0.24-a0-653-g3936067ed8 (webtiles) character file.

Game seed: 15229763151432156986, levelgen mode: deterministic

11728 Peloso the Carver (level 11, 0/97 HPs)
             Began as a Minotaur Fighter on Sept 26, 2019.
             Was an Initiate of Gozag.
             Slain by a red ugly thing (16 damage)
             ... on level 12 of the Dungeon on Sept 27, 2019.
             The game lasted 00:31:46 (11257 turns).

Peloso the Carver (Minotaur Fighter)               Turns: 11257, Time: 00:31:49

Health: 0/97       AC: 16    Str: 23    XL:     11   Next: 53%
Magic:  10/10      EV:  8    Int:  5    God:    Gozag
Gold:   1729       SH: 13    Dex: 11    Spells: 10/10 levels left

rFire    . . .     SeeInvis .   a - +3 falchion (freeze)
rCold    . . .     Gourm    .   c - +0 shield
rNeg     . . .     Faith    .   k - +0 plate armour
rPois    +         Spirit   .   (helmet restricted)
rElec    .         Reflect  .   g - scarf {cloud immunity}
rCorr    .         Harm     .   D - +0 pair of gloves
MR       .....                  (no boots)
Stlth    ..........             (no amulet)
HPRegen  0.26/turn              P - +1 ring of evasion
MPRegen  0.12/turn              p - ring of poison resistance

@: barbed spikes
A: retaliatory headbutt, horns 2
a: Potion Petition, Call Merchant, Bribe Branch, Renounce Religion


You were on level 12 of the Dungeon.
You worshipped Gozag.
Gozag was most pleased with you.
You were near starving.

You visited 2 branches of the dungeon, and saw 13 of its levels.

You collected 1822 gold pieces.
You paid 93 gold pieces to Gozag.

Inventory:

Hand Weapons
 a - a +3 falchion of freezing (weapon)
 b - a +2 hand axe of flaming
 O - the +2 short sword of Equilibrium {drain, Str+7}
   (You took it off an orc priest on level 7 of the Dungeon)

   A truly terrible weapon, it drains the life of those it strikes.
   It affects your strength (+7).
 R - the +7 hand axe of Xurras {drain, Str+3 Int+4 Dex-2}
   (You found it on level 7 of the Dungeon)

   A truly terrible weapon, it drains the life of those it strikes.
   It affects your strength (+3).
   It affects your intelligence (+4).
   It affects your dexterity (-2).
Armour
 c - a +0 shield (worn)
 g - a scarf of cloud immunity (worn)
 k - a +0 plate armour (worn)
 D - a +0 pair of gloves (worn)
 T - a +0 chain mail of magic resistance
Jewellery
 p - a ring of poison resistance (right hand)
 u - an uncursed ring of poison resistance
 F - a +3 amulet of reflection
 N - an uncursed ring of protection from cold
 P - a +1 ring of evasion (left hand)
 Q - an uncursed ring of protection from cold
 U - a +3 ring of protection {unknown}
Wands
 o - a wand of polymorph (8)
 w - a wand of acid (6)
 E - a wand of enslavement (11)
 G - a wand of iceblast (12)
 H - a wand of random effects (40)
 L - a wand of paralysis (10)
 M - a wand of digging (1)
Scrolls
 e - a scroll of random uselessness {unknown}
 h - 3 scrolls of identify
 j - a scroll of blinking {unknown}
 m - 2 scrolls of magic mapping
 n - 3 scrolls of noise {unknown}
 q - a scroll of enchant weapon
 s - 4 scrolls of remove curse
 t - 3 scrolls of enchant armour {unknown}
 x - 2 scrolls of amnesia {unknown}
 y - 3 scrolls of teleportation {unknown}
 A - a scroll of torment {unknown}
 B - a scroll of fog {unknown}
 I - 2 scrolls of fear {unknown}
Potions
 d - 4 potions of might
 l - 3 potions of heal wounds
 r - 3 potions of curing
 v - a potion of invisibility
 z - 2 potions of flight
 C - 2 potions of haste
 J - a potion of ambrosia
Miscellaneous
 i - a lamp of fire
 S - a lamp of fire
Comestibles
 f - 17 rations


   Skills:
 + Level 9.5 Fighting
 + Level 12.7 Long Blades
 + Level 0.8 Axes
 + Level 10.7 Armour
 + Level 1.5 Dodging
 + Level 1.4 Stealth
 + Level 11.8 Shields
 + Level 0.2 Evocations


You had 10 spell levels left.
You didn't know any spells.
Your spell library was empty.

Dungeon Overview and Level Annotations

Branches:
Dungeon (12/15)            Temple (1/1) D:6            Lair (0/6) D:11
    Orc (0/2) D:9

Altars:
Ashenzari
Cheibriados
Dithmenos
Elyvilon
Fedhas
Gozag
Hepliaklqana
Kikubaaqudgha
Makhleb
Nemelex Xobeh
Okawaru
Qazlal
Ru
Sif Muna
Trog
Uskayaw
Vehumet
Wu Jian
Xom
Yredelemnul
Zin
The Shining One

Shops:
D:5 *


Innate Abilities, Weirdness & Mutations

You reflexively headbutt those who attack you in melee.
You have a pair of horns on your head.


Message History

The barbed spikes become lodged in your body.
The red ugly thing kicks you.
You are engulfed in flames!
* * * LOW HITPOINT WARNING * * *
You slash something! You freeze something. You headbutt something!
Something hits you.
* * * LOW HITPOINT WARNING * * *
The red ugly thing closely misses you.
You riposte.
You hit the red ugly thing but do no damage.
Unknown command.
The barbs in your skin will harm you if you move.
Continue?
Okay, then.
As you read the scroll labeled HEOVEN WAE, it crumbles to dust.
You feel aware of your surroundings.
It was a scroll of magic mapping.
Something hits you but does no damage. You block the manticore's attack.
The manticore claws you but does no damage.
The manticore barely misses you. The red ugly thing kicks you!
* * * LOW HITPOINT WARNING * * *
You are engulfed in flames!
You die...
Your body crumbles into a pile of gold.

.#######.#..........,* *,,,,
..#......#...........* *,,,,
#.....##.#.#.........* *,,,,
...≈§§§.....#..>....,** *,,,,
≈≈≈§§§§≈....#####....,** *,,,,
§≈≈≈§§§§≈≈§..####..#,*,** *,,,,
§§§§≈≈§§§≈≈.......>#,,*,* *****
≈§≈≈≈≈§§§≈≈§§.####.##..##
§≈≈§≈§≈≈§≈≈§§...@H......#
≈≈§§..≈≈§≈§§≈..##u.....##********
,,.##...≈§≈≈≈≈...........,,*<,,,,
,,**##..§≈§≈§≈§.#...#....*,,,,,,,
,*,,,.#..§§§§≈..##.##,##.,,*,****
**$,,,##.§§≈§§≈.#*.#*,******,*
**,>,,*#§≈§§§≈≈.#*.#*,* *,****
,*,,,,*,.≈§§≈≈...,..,,* *,,,,,
,,****,,≈≈≈≈≈≈,***,**** *,****


You could see a red ugly thing and a manticore.

Vanquished Creatures
  A hydra (D:8)
  Harold (D:10)
  Pikel (D:6)
  An ugly thing (D:11)
  Maurice (D:8)
  Psyche (D:8)
  2 centaur skeletons (D:11)
  A gargoyle (D:12)
  2 trolls
  2 dream sheep (D:8)
  2 hippogriffs
  Sigmund (D:2)
  A shadow (D:11)
  A vampire (D:12)
  A wyvern (D:9)
  2 yaks (D:8)
  2 wraiths
  Eustachio (D:4)
  A hungry ghost (D:11)
  Edmund (D:3)
  2 water moccasins
  2 slaves (D:6)
  2 sky beasts
  2 phantoms
  2 orc warriors
  3 ice beasts
  6 ogres
  4 centaurs
  A crocodile (D:10)
  5 big kobolds
  9 bullfrogs
  7 scorpions
  5 wights (D:9)
  A vampire bat (D:11)
  9 killer bees (D:9)
  7 crimson imps
  2 hounds
  2 bullfrog skeletons
  5 jellies
  11 orc wizards
  6 orc priests
  4 iguanas
  9 worker ants
  A killer bee zombie (D:8)
  A hound skeleton (D:7)
  A howler monkey zombie (D:11)
  4 gnolls
  13 adders
  3 shadow imps (D:7)
  2 oozes
  2 adder skeletons
  A worm (D:3)
  4 leopard geckos
  47 orcs
  12 bats
  9 giant cockroaches
  6 goblins
  9 hobgoblins
  7 jackals
  9 quokkas
  A ball python (D:5)
  8 frilled lizards
  A giant cockroach zombie (D:5)
  14 kobolds
  A leopard gecko skeleton (D:4)
  2 quokka skeletons
  15 rats
305 creatures vanquished.

Notes
Turn   | Place    | Note
-------+----------+-------------------------------------------
     0 | D:1      | Peloso the Minotaur Fighter began the quest for the Orb.
     0 | D:1      | Reached XP level 1. HP: 19/19 MP: 0/0
     0 | D:1      | Upgraded the game from 0.24-a0-652-g46ecf6da75 to
                  | 0.24-a0-653-g3936067ed8
   141 | D:1      | Reached XP level 2. HP: 27/27 MP: 1/1
   690 | D:2      | Reached XP level 3. HP: 30/33 MP: 2/2
   774 | D:2      | Noticed Sigmund
   891 | D:2      | Reached skill level 3 in Long Blades
   891 | D:2      | Reached XP level 4. HP: 36/40 MP: 3/3
  1361 | D:2      | Killed Sigmund
  1361 | D:2      | Reached skill level 4 in Long Blades
  1361 | D:2      | Reached skill level 5 in Armour
  1361 | D:2      | Reached skill level 5 in Shields
  1361 | D:2      | Reached XP level 5. HP: 10/47 MP: 4/4
  1361 | D:2      | Reached XP level 6. HP: 11/53 MP: 5/5
  2035 | D:3      | Reached skill level 5 in Long Blades
  2767 | D:3      | Found a basalt altar of Yredelemnul.
  2767 | D:3      | Found an iron altar of Okawaru.
  2768 | D:3      | Found a shattered altar of Ashenzari.
  2772 | D:3      | Found a bloodstained altar of Trog.
  2950 | D:4      | Reached skill level 5 in Fighting
  2950 | D:4      | Reached XP level 7. HP: 59/61 MP: 6/6
  2972 | D:4      | Noticed Edmund
  2981 | D:4      | HP: 3/61 [orc priest/divine providence (15)]
  3130 | D:3      | Killed Edmund
  3130 | D:3      | Reached skill level 6 in Long Blades
  3408 | D:4      | Noticed Eustachio
  3424 | D:4      | Killed Eustachio
  3738 | D:4      | Reached XP level 8. HP: 70/70 MP: 7/7
  3930 | D:5      | Entered Level 5 of the Dungeon
  4039 | D:5      | Reached skill level 7 in Long Blades
  4656 | D:5      | Found Qiluolen's Serpentskin Sales.
  4809 | D:6      | Reached skill level 8 in Long Blades
  4914 | D:6      | Found a staircase to the Ecumenical Temple.
  4936 | Temple   | Entered the Ecumenical Temple
  5025 | Temple   | Became a worshipper of Gozag Ym Sagoz the Greedy
  5271 | D:6      | Reached XP level 9. HP: 78/78 MP: 8/8
  5297 | D:6      | Reached skill level 9 in Long Blades
  5670 | D:6      | Noticed Pikel
  5701 | D:6      | Killed Pikel
  5701 | D:6      | Reached skill level 1 in Dodging
  6370 | D:7      | Reached skill level 10 in Long Blades
  6934 | D:7      | You fall into a shaft and drop 3 floors!
  6934 | D:10     | Entered Level 10 of the Dungeon
  7202 | D:9      | Reached XP level 10. HP: 82/88 MP: 9/9
  7212 | D:9      | Found a staircase to the Orcish Mines.
  7368 | D:8      | Found a hazy altar of Hepliaklqana.
  7593 | D:8      | Found a shimmering altar of Xom.
  7820 | D:8      | Noticed Maurice
  7824 | D:8      | Noticed Psyche
  7832 | D:8      | Killed Maurice
  7832 | D:8      | Reached skill level 10 in Shields
  7844 | D:8      | Killed Psyche
  7844 | D:8      | Reached skill level 11 in Long Blades
  8413 | D:8      | Noticed a two-headed hydra
  8416 | D:8      | Killed a one-headed hydra
  8530 | D:8      | Found a radiant altar of Vehumet.
  8530 | D:8      | Found a burning altar of Makhleb.
  8728 | D:7      | Identified the +2 short sword of Equilibrium {drain, Str+7}
  8785 | D:7      | Got an ebony hand axe
  8786 | D:7      | Identified the +7 hand axe of Xurras {drain, Str+3 Int+4
                  | Dex-2} (You found it on level 7 of the Dungeon)
  9118 | D:9      | Reached skill level 10 in Armour
  9149 | D:9      | Reached skill level 1 in Stealth
  9392 | D:9      | Reached XP level 11. HP: 89/95 MP: 10/10
  9409 | D:9      | Reached skill level 12 in Long Blades
  9542 | D:10     | Noticed Harold
  9575 | D:10     | Killed Harold
 10231 | D:11     | Found a staircase to the Lair.
 10435 | D:11     | Noticed a white ugly thing
 10453 | D:11     | Killed a white ugly thing
 11248 | D:12     | Noticed a red ugly thing
 11257 | D:12     | Slain by a red ugly thing

Levels and vault maps discovered:
D:1:      dpeg_arrival_pond, layout_basic
D:2:      layout_rooms, minmay_misc_feat_room, uniq_sigmund
D:3:      layout_loops_ring, grunt_temple_overflow_cloverleaf,
          hangedman_decor_clover_reticule, item_on_display_b
D:4:      layout_basic, uniq_eustachio, uniq_edmund
D:5:      cheibrodos_two_vegetables, layout_cave_pools, first_ration,
          guppyfry_shop_venom
D:6:      layout_cave_pods, minmay_temple_entry_tees, uniq_pikel
D:7:      minmay_the_grid_octo_triangle [minmay_the_grid_octo_chip,
          minmay_the_grid_octo_prize_single_spiral,
          minmay_the_grid_octo_tetromino_candy], layout_layer_cave,
          abandoned_shop
D:8:      layout_cave_pools, grunt_temple_overflow_lords_of_destruction,
          lemuel_doored_altar, nicolae_overflow_hidden_temple, hangedman_ranch
          [blue_anna_fruit_fields], skrybe_limestone_x, nrook_uturn,
          uniq_maurice, uniq_psyche
D:9:      layout_roguey, orc_0_dummy
D:10:     layout_long_grid, uniq_harold
D:11:     layout_basic, lair_entry_dummy, roderic_batcave
D:12:     layout_loops_ring, minmay_misc_feat_enclosed, minmay_lindwurm_lava
Temple:   zaba_magenta_temple

Skill      XL: |  1  2  3  4  5  6  7  8  9 10 11 |
---------------+----------------------------------+-----
Armour         | 4 5 6 7 8 10 | 10.7
Shields        | 4 5 6 7 9 10 11 | 11.8
Fighting       | 4 5 6 7 8 9 |  9.5
Long Blades    | 3 4 5 6 8 10 11 12 | 12.7
Dodging        | 1 |  1.5
Stealth        | 1 |  1.4
Axes           | |  0.8
Evocations     | |  0.2

Action                   |  1- 3 |  4- 6 |  7- 9 | 10-12 || total
-------------------------+-------+-------+-------+-------++-------
Melee: Long sword        |    56 |   196 |   438 |    26 ||   716
       Headbutt          |     8 |    31 |    82 |   107 ||   228
       Falchion          |       |       |       |   458 ||   458
       Hand axe          |       |       |       |     5 ||     5
Evoke: Wand              |       |     2 |     1 |       ||     3
  Use: Potion            |     2 |       |     1 |       ||     3
       Scroll            |       |       |       |     9 ||     9
 Stab: Distracted        |       |       |       |     3 ||     3
  Eat: Chunk             |       |     7 |     7 |       ||    14
       Ration            |       |       |     2 |     4 ||     6
Armor: Scale mail        |    20 |       |       |       ||    20
       Plate armour      |     9 |   114 |   215 |   155 ||   493
Dodge: Dodged            |    17 |    30 |    90 |    81 ||   218
Block: Shield            |    33 |   117 |   249 |   258 ||   657
       Rpst.: Long sword |     6 |     8 |    24 |     2 ||    40
       Falchion          |       |       |       |    17 ||    17

Table legend:
 A = Non-vault XP
 B = Vault XP
 C = Vault XP percentage of total XP
 D = Non-vault monster count
 E = Vault monster count
 F = Vault count percentage of total count
                 A         B        C        D         E       F
            +---------+---------+-------+---------+---------+-------
      Total |   10971 |    5784 |  34.5 |     269 |      34 |  11.2
            +---------+---------+-------+---------+---------+-------
        D:1 |      30 |       0 |   0.0 |      20 |       0 |   0.0
        D:2 |     101 |     227 |  69.2 |      30 |       1 |   3.2
        D:3 |     311 |     169 |  35.2 |      34 |       1 |   2.9
        D:4 |     513 |     191 |  27.1 |      23 |       1 |   4.2
        D:5 |     417 |     180 |  30.2 |      17 |       4 |  19.0
        D:6 |     910 |     697 |  43.4 |      20 |       1 |   4.8
        D:7 |    1119 |     137 |  10.9 |      29 |       7 |  19.4
        D:8 |     635 |    3131 |  83.1 |      18 |      11 |  37.9
        D:9 |    2269 |       0 |   0.0 |      32 |       0 |   0.0
       D:10 |    1205 |     981 |  44.9 |      16 |       1 |   5.9
       D:11 |    2657 |      71 |   2.6 |      27 |       7 |  20.6
       D:12 |     804 |       0 |   0.0 |       3 |       0 |   0.0
            +---------+---------+-------+---------+---------+-------
